General information
- name: BNet
- type: Ladder team game (AT/RT)
- host: Battle.net
- saver: BigMakEatinJake
map: GolemsInTheMist
- players: 8
- length: 63:49
- speed: Fast
- version: 1.26 W3XP
- replay type: Public
» download(277 KB)
Players
team 1 (winner)
Axias (
pink | 20 APM | 568 actions | 28:26)
3 Blademaster
2 Wind Walk
1 Critical Strike
2 Tauren Chieftain
1 Endurance Aura
1 Shockwave
1 Shadow Hunter
1 Hex
» actions
| Assign group hotkey | 13 | |
| Basic commands | 6 | |
| Build / train | 59 | |
| ESC pressed | 6 | |
| Enter build submenu | 17 | |
| Enter hero's abilities submenu | 7 | |
| Right click | 152 | |
| Select / deselect | 155 | |
| Select group hotkey | 114 | |
| Use ability | 39 | |
568 total
» units
| Peon | 16 | |
| Grunt | 6 | |
| Goblin Shredder | 3 | |
| Troll Headhunter/Berserker | 8 | |
| Shaman | 4 | |
37 total
» upgrades
| Berserker Strength | 1 | |
| Armor | 1 | |
| Ranged Weapons | 1 | |
| Shaman Training | 2 | |
| Witch Doctor Training | 1 | |
| Berserker Upgrade | 1 | |
| Troll Regeneration | 1 | |
8 total
» buildings
| Altar of Storms | 1 | |
| Barracks | 3 | |
| Orc Burrow | 7 | |
| Voodoo Lounge | 1 | |
| Stronghold | 1 | |
| War Mill | 1 | |
| Great Hall | 1 | |
| Fortress | 1 | |
| Spirit Lodge | 2 | |
18 total
» build order
00:11 Altar of Storms
00:16 Barracks
00:23 Orc Burrow
01:55 Orc Burrow
02:10 Voodoo Lounge
04:18 Orc Burrow
05:10 Stronghold
06:58 War Mill
07:29 Great Hall
09:32 Fortress
10:55 Spirit Lodge
11:04 Barracks
11:12 Spirit Lodge
11:21 Orc Burrow
11:24 Orc Burrow
14:50 Orc Burrow
15:42 Orc Burrow
18:16 Barracks
» items
msinada (
teal | 19 APM | 1216 actions | 63:48)
6 Archmage
3 Summon Water Elemental
2 Brilliance Aura
1 Mass Teleport
» actions
| Assign group hotkey | 36 | |
| Basic commands | 105 | |
| Build / train | 80 | |
| Enter build submenu | 25 | |
| Enter hero's abilities submenu | 6 | |
| Give item / drop item | 2 | |
| Remove unit from queue | 3 | |
| Right click | 273 | |
| Select / deselect | 338 | |
| Select group hotkey | 271 | |
| Use ability | 77 | |
1216 total
» units
| Peasant | 14 | |
| Rifleman | 15 | |
| Priest | 5 | |
| Sorceress | 2 | |
| Dragonhawk Rider | 1 | |
37 total
» upgrades
| Gunpowder | 3 | |
| Masonry | 2 | |
| Armor | 3 | |
| Long Rifles | 1 | |
| Lumber Harvesting | 1 | |
| Sorceress Training | 2 | |
| Priest Training | 2 | |
| Cloud | 1 | |
15 total
» buildings
| Altar of Kings | 1 | |
| Farm | 10 | |
| Barracks | 2 | |
| Blacksmith | 1 | |
| Lumber Mill | 1 | |
| Scout Tower | 4 | |
| Guard Tower | 4 | |
| Arcane Vault | 1 | |
| Keep | 1 | |
| Town Hall | 3 | |
| Castle | 1 | |
| Arcane Sanctum | 1 | |
| Gryphon Aviary | 1 | |
31 total
» build order
00:37 Altar of Kings
00:50 Farm
01:08 Barracks
01:20 Blacksmith
01:30 Farm
01:49 Lumber Mill
02:09 Farm
02:17 Scout Tower
02:36 Scout Tower
02:57 Guard Tower
03:01 Scout Tower
03:08 Farm
03:18 Guard Tower
03:38 Guard Tower
03:55 Arcane Vault
05:12 Barracks
05:43 Keep
06:41 Farm
07:54 Scout Tower
09:40 Town Hall
10:30 Castle
10:35 Guard Tower
10:58 Arcane Sanctum
11:57 Farm
11:58 Farm
11:58 Farm
11:59 Farm
12:00 Farm
16:17 Town Hall
23:17 Town Hall
25:48 Gryphon Aviary
» items
| Scroll of Regeneration | 2 | |
| Lesser Clarity Potion | 3 | |
| Scroll of Town Portal | 3 | |
| Potion of Healing | 4 | |
| Orb of Fire | 1 | |
13 total
BigMakEatinJake (
blue | 54 APM | 3419 actions | 63:49)
11 Blood Mage
3 Flame Strike
3 Siphon Mana
2 Summon Phoenix
3 Banish
» actions
| Assign group hotkey | 55 | |
| Basic commands | 337 | |
| Build / train | 117 | |
| Enter build submenu | 49 | |
| Enter hero's abilities submenu | 11 | |
| Give item / drop item | 2 | |
| Remove unit from queue | 11 | |
| Right click | 1140 | |
| Select / deselect | 483 | |
| Select group hotkey | 932 | |
| Use ability | 282 | |
3419 total
» units
| Peasant | 14 | |
| Footman | 5 | |
| Goblin Shredder | 5 | |
| Gryphon Rider | 11 | |
| Goblin Sapper | 8 | |
| Dragonhawk Rider | -2 | |
41 total
» upgrades
| Masonry | 3 | |
| Swords | 3 | |
| Armor | 3 | |
| Storm Hammers | 1 | |
| Cloud | 1 | |
| Animal War Training | 1 | |
| Magic Sentry | 1 | |
| Sorceress Training | 1 | |
14 total
» buildings
| Altar of Kings | 1 | |
| Barracks | 1 | |
| Farm | 9 | |
| Arcane Vault | 3 | |
| Keep | 2 | |
| Lumber Mill | 1 | |
| Town Hall | 6 | |
| Scout Tower | 23 | |
| Castle | 2 | |
| Guard Tower | 6 | |
| Gryphon Aviary | 5 | |
| Blacksmith | 2 | |
| Arcane Sanctum | 1 | |
62 total
» build order
00:38 Altar of Kings
00:40 Barracks
00:51 Farm
00:52 Farm
01:05 Farm
01:35 Farm
03:04 Arcane Vault
04:17 Keep
04:25 Farm
05:17 Lumber Mill
06:24 Town Hall
06:26 Scout Tower
06:26 Scout Tower
06:28 Scout Tower
06:28 Scout Tower
06:47 Castle
06:57 Guard Tower
09:31 Gryphon Aviary
09:33 Gryphon Aviary
09:37 Gryphon Aviary
09:40 Gryphon Aviary
10:26 Scout Tower
10:27 Scout Tower
10:31 Scout Tower
10:33 Scout Tower
10:36 Scout Tower
10:38 Scout Tower
10:42 Blacksmith
10:45 Blacksmith
11:05 Guard Tower
11:46 Arcane Sanctum
11:50 Guard Tower
19:18 Town Hall
19:22 Scout Tower
19:22 Scout Tower
19:23 Scout Tower
19:23 Scout Tower
19:25 Scout Tower
19:25 Scout Tower
19:25 Scout Tower
19:26 Scout Tower
21:27 Town Hall
21:30 Scout Tower
21:30 Scout Tower
21:30 Scout Tower
21:32 Scout Tower
21:35 Scout Tower
22:08 Guard Tower
23:53 Guard Tower
24:21 Guard Tower
31:20 Farm
31:22 Farm
32:51 Town Hall
33:48 Keep
36:14 Castle
37:08 Town Hall
41:30 Arcane Vault
42:14 Farm
42:16 Farm
42:26 Gryphon Aviary
46:27 Town Hall
52:00 Arcane Vault
» items
| Scroll of Regeneration | 10 | |
| Potion of Healing | 3 | |
| Mechanical Critter | 2 | |
| Scroll of Town Portal | 8 | |
| Potion of Mana | 3 | |
| Lesser Clarity Potion | 2 | |
28 total

»
i8pssy (
orange | 20 APM | 1291 actions | 63:48)
5 Keeper of the Grove
2 Force of Nature
3 Entangling Roots
» actions
| Assign group hotkey | 18 | |
| Basic commands | 35 | |
| Build / train | 73 | |
| Enter build submenu | 24 | |
| Enter hero's abilities submenu | 6 | |
| Right click | 352 | |
| Select / deselect | 223 | |
| Select group hotkey | 505 | |
| Use ability | 55 | |
1291 total
» units
| Wisp | 30 | |
| Archer | 7 | |
| Goblin Shredder | 1 | |
| Chimaera | 6 | |
| Hippogryph | 12 | |
56 total
» upgrades
| Strength of the Wild | 3 | |
| Reinforced Hides | 3 | |
| Corrosive Breath | 1 | |
7 total
» buildings
| Moon Well | 8 | |
| Altar of Elders | 1 | |
| Ancient of War | 1 | |
| Tree of Ages | 1 | |
| Tree of Life | 2 | |
| Tree of Eternity | 1 | |
| Hunter's Hall | 1 | |
| Ancient of Wind | 2 | |
| Ancient Protector | 4 | |
| Chimaera Roost | 3 | |
| Ancient of Wonders | 1 | |
25 total
» build order
00:25 Moon Well
00:35 Altar of Elders
01:32 Ancient of War
01:39 Moon Well
02:12 Moon Well
02:52 Tree of Ages
04:38 Tree of Life
05:13 Tree of Eternity
07:11 Hunter's Hall
07:14 Ancient of Wind
07:19 Ancient of Wind
09:45 Ancient Protector
09:51 Ancient Protector
09:54 Ancient Protector
09:57 Ancient Protector
10:26 Chimaera Roost
10:29 Chimaera Roost
10:33 Chimaera Roost
11:03 Moon Well
11:26 Moon Well
12:02 Moon Well
12:06 Moon Well
13:43 Moon Well
17:09 Ancient of Wonders
22:06 Tree of Life
» items
team 2 (loser)
Green_Slimegirl (
yellow | 65 APM | 1153 actions | 17:51)
3 Mountain King
2 Storm Bolt
1 Bash
1 Paladin
1 Holy Light
» actions
| Basic commands | 15 | |
| Build / train | 65 | |
| ESC pressed | 7 | |
| Enter build submenu | 21 | |
| Enter hero's abilities submenu | 4 | |
| Remove unit from queue | 1 | |
| Right click | 771 | |
| Select / deselect | 214 | |
| Use ability | 54 | |
1153 total
» units
| Peasant | 27 | |
| Footman | 12 | |
| Goblin Shredder | 1 | |
| Sorceress | 2 | |
| Priest | 2 | |
44 total
» upgrades
| Sorceress Training | 2 | |
| Priest Training | 2 | |
| Plating | 1 | |
5 total
» buildings
| Altar of Kings | 2 | |
| Farm | 10 | |
| Barracks | 1 | |
| Arcane Vault | 1 | |
| Keep | 5 | |
| Arcane Sanctum | 2 | |
| Blacksmith | 1 | |
| Castle | 1 | |
| Lumber Mill | 1 | |
24 total
» build order
00:19 Altar of Kings
00:22 Farm
00:28 Farm
00:35 Barracks
00:55 Altar of Kings
01:01 Farm
03:00 Farm
04:20 Arcane Vault
04:27 Keep
04:27 Keep
04:27 Keep
04:27 Keep
07:49 Farm
07:49 Farm
07:49 Farm
07:50 Farm
09:46 Arcane Sanctum
09:52 Arcane Sanctum
10:49 Blacksmith
10:53 Castle
11:06 Lumber Mill
11:36 Farm
11:40 Farm
» items
| Scroll of Regeneration | 2 | |
| Potion of Healing | 1 | |
3 total
CEREAl-EATER (
green | 62 APM | 3941 actions | 63:48)
6 Blademaster
3 Wind Walk
2 Critical Strike
1 Bladestorm
6 Shadow Hunter
2 Hex
3 Healing Wave
1 Big Bad Voodoo
1 Death Knight
1 Death Coil
» actions
| Assign group hotkey | 97 | |
| Basic commands | 72 | |
| Build / train | 104 | |
| Enter build submenu | 41 | |
| Enter hero's abilities submenu | 13 | |
| Give item / drop item | 1 | |
| Remove unit from queue | 1 | |
| Right click | 1822 | |
| Select / deselect | 467 | |
| Select group hotkey | 1068 | |
| Use ability | 255 | |
3941 total
» units
| Peon | 17 | |
| Goblin Shredder | 2 | |
| Wind Rider | 7 | |
| Goblin Zeppelin | 1 | |
| Troll Batrider | 10 | |
| Raider | 4 | |
41 total
» upgrades
| Reinforced Defenses | 1 | |
| Ranged Weapons | 3 | |
| Armor | 4 | |
| Envenomed Spears | 1 | |
| Ensnare | 1 | |
| Liquid Fire | 1 | |
| War Drums Damage Increase | 1 | |
| Melee Weapons | 3 | |
| Spiked Barricades | 3 | |
| Pillage | 1 | |
| Backpack | 1 | |
| Shaman Training | 2 | |
| Witch Doctor Training | 2 | |
| Spirit Walker Training | 2 | |
| Berserker Strength | 1 | |
| Berserker Upgrade | 1 | |
| Troll Regeneration | 1 | |
| Burning Oil | 1 | |
30 total
» buildings
| Altar of Storms | 2 | |
| Orc Burrow | 7 | |
| War Mill | 1 | |
| Voodoo Lounge | 1 | |
| Watch Tower | 52 | |
| Stronghold | 1 | |
| Beastiary | 4 | |
| Fortress | 1 | |
| Great Hall | 2 | |
| Spirit Lodge | 1 | |
| Barracks | 1 | |
73 total
» build order
00:07 Altar of Storms
00:24 Orc Burrow
00:42 War Mill
00:55 Voodoo Lounge
01:55 Watch Tower
02:43 Stronghold
02:47 Orc Burrow
03:10 Watch Tower
03:12 Watch Tower
03:17 Orc Burrow
04:19 Watch Tower
04:37 Orc Burrow
05:06 Beastiary
06:05 Fortress
06:29 Beastiary
06:57 Watch Tower
06:58 Watch Tower
06:59 Watch Tower
08:45 Watch Tower
08:45 Watch Tower
08:47 Watch Tower
09:53 Watch Tower
09:53 Watch Tower
09:59 Watch Tower
10:15 Watch Tower
10:16 Watch Tower
10:17 Watch Tower
10:19 Watch Tower
11:23 Watch Tower
11:24 Watch Tower
11:25 Watch Tower
11:27 Watch Tower
11:35 Beastiary
11:37 Orc Burrow
13:38 Orc Burrow
13:41 Watch Tower
13:42 Watch Tower
13:43 Watch Tower
14:29 Great Hall
14:31 Watch Tower
14:31 Watch Tower
14:32 Watch Tower
14:33 Watch Tower
14:34 Watch Tower
14:35 Watch Tower
14:36 Watch Tower
14:38 Watch Tower
17:08 Watch Tower
17:08 Watch Tower
17:41 Watch Tower
17:41 Watch Tower
18:00 Watch Tower
18:00 Watch Tower
18:00 Watch Tower
18:09 Watch Tower
19:34 Watch Tower
19:35 Watch Tower
20:27 Watch Tower
20:28 Watch Tower
20:57 Watch Tower
20:58 Watch Tower
20:59 Watch Tower
22:33 Orc Burrow
26:57 Beastiary
31:53 Great Hall
32:01 Watch Tower
32:02 Watch Tower
32:02 Watch Tower
32:03 Watch Tower
45:27 Spirit Lodge
51:21 Barracks
55:55 Altar of Storms
» items
| Healing Salve | 2 | |
| Tiny Great Hall | 1 | |
| Scroll of Town Portal | 4 | |
| Orb of Lightning | 1 | |
| Potion of Mana | 3 | |
| Lesser Clarity Potion | 1 | |
12 total

»
0-5000 (
red | 27 APM | 511 actions | 19:02)
2 Death Knight
1 Death Coil
1 Unholy Aura
2 Crypt Lord
1 Impale
1 Carrion Beetles
» actions
| Basic commands | 11 | |
| Build / train | 37 | |
| Enter build submenu | 19 | |
| Enter hero's abilities submenu | 4 | |
| Right click | 245 | |
| Select / deselect | 163 | |
| Use ability | 32 | |
511 total
» units
| Acolyte | 9 | |
| Ghoul | 4 | |
| Crypt Fiend | 8 | |
| Obsidian Statue | 4 | |
| Goblin Shredder | 1 | |
| Frost Wyrm | 2 | |
28 total
» upgrades
» buildings
| Ziggurat | 10 | |
| Crypt | 1 | |
| Altar of Darkness | 1 | |
| Graveyard | 1 | |
| Halls of the Dead | 1 | |
| Black Citadel | 1 | |
| Slaughterhouse | 1 | |
| Tomb of Relics | 1 | |
| Sacrificial Pit | 1 | |
| Boneyard | 1 | |
19 total
» build order
00:20 Ziggurat
00:25 Crypt
01:13 Ziggurat
01:19 Altar of Darkness
02:13 Graveyard
02:51 Halls of the Dead
03:45 Ziggurat
04:28 Ziggurat
06:08 Black Citadel
06:12 Slaughterhouse
06:44 Tomb of Relics
06:56 Sacrificial Pit
07:58 Ziggurat
13:19 Boneyard
13:37 Ziggurat
13:40 Ziggurat
13:42 Ziggurat
13:46 Ziggurat
13:55 Ziggurat

»
pattier (
purple | 46 APM | 2549 actions | 55:36)
5 Archmage
3 Brilliance Aura
2 Summon Water Elemental
2 Paladin
1 Divine Shield
1 Devotion Aura
» actions
| Assign group hotkey | 34 | |
| Basic commands | 3 | |
| Build / train | 91 | |
| Enter build submenu | 36 | |
| Enter hero's abilities submenu | 7 | |
| Right click | 1473 | |
| Select / deselect | 441 | |
| Select group hotkey | 380 | |
| Use ability | 84 | |
2549 total
» units
| Peasant | 14 | |
| Rifleman | 15 | |
| Priest | 13 | |
| Mortar Team | 3 | |
| Siege Engine | 5 | |
50 total
» upgrades
| Masonry | 3 | |
| Gunpowder | 2 | |
| Armor | 2 | |
| Lumber Harvesting | 1 | |
| Priest Training | 2 | |
| Long Rifles | 1 | |
| Barrage | 1 | |
| Magic Sentry | 1 | |
| Plating | 1 | |
14 total
» buildings
| Altar of Kings | 1 | |
| Farm | 19 | |
| Lumber Mill | 1 | |
| Arcane Vault | 1 | |
| Barracks | 2 | |
| Scout Tower | 14 | |
| Blacksmith | 1 | |
| Guard Tower | 8 | |
| Arcane Tower | 3 | |
| Keep | 1 | |
| Arcane Sanctum | 2 | |
| Workshop | 2 | |
| Spirit Tower | 3 | |
| Nerubian Tower | 1 | |
| Necropolis | 1 | |
| Castle | 1 | |
| Crypt | 2 | |
| Town Hall | 1 | |
64 total
» build order
01:20 Altar of Kings
01:34 Farm
01:36 Farm
01:38 Farm
01:39 Farm
01:40 Farm
01:42 Farm
01:44 Farm
01:45 Farm
01:47 Farm
01:49 Farm
01:50 Farm
01:52 Farm
02:06 Lumber Mill
02:21 Arcane Vault
03:05 Barracks
03:24 Barracks
03:43 Scout Tower
03:58 Blacksmith
04:30 Scout Tower
04:33 Scout Tower
04:40 Guard Tower
05:03 Scout Tower
05:10 Scout Tower
06:14 Farm
06:19 Farm
06:20 Farm
06:43 Scout Tower
06:50 Scout Tower
07:10 Guard Tower
07:26 Guard Tower
07:28 Guard Tower
07:30 Arcane Tower
07:51 Guard Tower
08:31 Scout Tower
08:35 Scout Tower
08:36 Scout Tower
09:21 Scout Tower
09:23 Scout Tower
10:30 Keep
10:34 Arcane Tower
10:36 Arcane Tower
10:54 Guard Tower
11:02 Scout Tower
11:05 Scout Tower
12:02 Guard Tower
13:06 Arcane Sanctum
13:24 Guard Tower
13:47 Workshop
14:40 Arcane Sanctum
19:42 Spirit Tower
19:44 Spirit Tower
19:45 Spirit Tower
19:47 Nerubian Tower
19:50 Necropolis
20:05 Castle
20:40 Crypt
20:43 Crypt
22:57 Workshop
32:30 Town Hall
34:34 Farm
34:39 Farm
34:41 Farm
34:42 Farm
Chat log
(00:33 / All) BigMakEatinJake: YOU BETRAYED THE LAW
(00:43 / All) Green_Slimegirl: Shut the fuck up mother fockers!!!!!!!!!!!!!!!!!!!!!!!!!!!!
(05:10 / Allies) BigMakEatinJake: Pink yo uare a motherfucker
(05:25 / Allies) BigMakEatinJake: piece of shit
(05:30 / Allies) BigMakEatinJake: take the item and the tome then take the shreddar too
(05:38 / Allies) BigMakEatinJake: You make me fucking sick
(05:40 / Allies) Axias: ?
(05:43 / Allies) BigMakEatinJake: Faggot
(05:46 / Allies) Axias: chill
(05:48 / Allies) Axias: you got the mine
(05:48 / Allies) BigMakEatinJake: Fuck you
(05:52 / Allies) i8pssy: you got the mine so stfu
(05:54 / Allies) BigMakEatinJake: Yeah because I have the hero to do it prick
(06:01 / Allies) Axias: bro
(06:06 / Allies) Axias: i got to to creeps 1st
(06:06 / Allies) i8pssy: quit crying you little bitch
(06:09 / Allies) Axias: you came behind me
(06:09 / Allies) BigMakEatinJake: No yo udidn't
(06:13 / Allies) Axias: yes
(06:14 / Allies) Axias: i did
(06:15 / Allies) BigMakEatinJake: You weren't even there fucking idiot
(06:16 / Allies) Axias: watch replay
(06:19 / Allies) BigMakEatinJake: I WATCHED FAGGOT
(06:20 / Allies) Axias: and if you want to tk me
(06:20 / Allies) BigMakEatinJake: Yo uweren't there
(06:21 / Allies) Axias: do it
(06:28 / Allies) Axias: or quit whining
(06:37 / Allies) BigMakEatinJake: that's not
(06:40 / Allies) BigMakEatinJake: there
(06:41 / Allies) BigMakEatinJake: idiopt
(06:44 / Allies) BigMakEatinJake: that's a fucking distance
(06:45 / Allies) Axias: shutup
(06:47 / Allies) Axias: or do something
(08:32 / Allies) i8pssy: dont be a greedy cunt with treasures pink
(08:34 / Allies) BigMakEatinJake: 1600 wood too
(08:39 / Allies) i8pssy: or ill switch to blues side
(08:43 / Allies) Axias: bro i was there
(08:45 / Allies) Axias: creeping first
(08:48 / Allies) Axias: when im there first
(08:50 / Allies) Axias: ima take it
(08:56 / Allies) Axias: and i take the damage
(08:57 / Allies) BigMakEatinJake: You weren't there first when I was ass licker
(09:01 / Allies) Axias: and have to repair my units
(09:02 / Allies) Axias: watch replay
(09:03 / Allies) i8pssy: it doesnt fuckign matter who was there first you retarded nigger you share when someone else creeps with you
(09:11 / Allies) Axias: who takes damage
(09:13 / Allies) i8pssy: fuckin scrub
(09:17 / Allies) Axias: i had to spend 100 g
(09:20 / Allies) Axias: to fix my shit up
(09:21 / Allies) i8pssy: stfu
(09:22 / Allies) Axias: you got free xp
(09:35 / Allies) i8pssy: your clearly a fucking low life nigger retard with an iq of 50
(09:41 / All) Axias: 146 actually
(09:47 / All) BigMakEatinJake: pink is the nigger of the west
(09:48 / Allies) i8pssy: doubt that
(09:51 / All) Axias: mix of several european countries
(09:59 / All) Axias: with 3% native american
(10:01 / All) Axias: doubt or not
(10:02 / All) Axias: its true.
(10:08 / Allies) i8pssy: usless wagon burnber
(10:12 / All) Axias: sure
(11:35 / All) BigMakEatinJake: pink took an IQ test on tickle.com
(11:39 / All) BigMakEatinJake: and is bragging about the results
(11:42 / Allies) msinada: ORANG GOLD
(11:58 / All) Axias: took it when I was 12, and iq doesn't change with age. But blue is jelly
(12:11 / All) Axias: school wanted to know
(12:12 / All) BigMakEatinJake: There's no one on the Internet with an IQ lower than 130
(12:15 / All) BigMakEatinJake: especially niggers
(12:26 / Allies) i8pssy: cant tp get out teal
(12:36 / All) Axias: 130 is so average.
(12:50 / All) Axias: blue go back to emptying garbage
(13:11 / All) i8pssy: k your a fucking braindead idiot 130 is not average at least if you wanna talk shit do a google search
(13:20 / All) Axias: top 10% maybe
(13:25 / All) Axias: 95 or 96 is average
(13:34 / All) Axias: and i was being sarcastic
(13:51 / All) i8pssy: your an idiot
(13:58 / All) Axias: sure
(14:02 / All) Axias: thats why i rolled out of bed
(14:13 / All) Axias: and scored a 1460 on the SAT, pre-2400
(14:20 / All) Axias: thats why i roll out of bed
(14:27 / All) Axias: and they pay me $200 an hour for my mind
(14:37 / All) Axias: but im an idiot
(14:38 / All) Axias: now
(14:40 / All) Axias: do you want to win?
(15:07 / Allies) Axias: or do you want to backbite and whine?
(15:10 / All) Green_Slimegirl: i
(15:10 / All) CEREAl-EATER: k
(15:24 / All) BigMakEatinJake: THIS IS THE FUCKING ARMAGAEDDON FOR YOU YELLOW
(15:31 / All) Axias: kill yourself
(16:07 / Allies) i8pssy: we fighting 4 of them and dumbass genious attacks an expo stupid cunt
(16:13 / All) BigMakEatinJake: GO BACK TO TEH KITCHEN
(16:18 / All) BigMakEatinJake: AND DON'T TELL MEN FOLK TO STFU
(16:27 / Allies) Axias: guess you dont understand
(16:33 / All) Green_Slimegirl: jesus blue how did you get level 7
(16:36 / Allies) i8pssy: guess yo udont understand
(16:40 / Allies) Axias: and 146
(16:43 / Allies) Axias: isnt genious
(16:45 / All) BigMakEatinJake: WITH TALENT AND SKILL
(16:49 / Allies) Axias: genius*
(16:51 / All) 0-5000: caus he raped you and purple.
(16:52 / Allies) Axias: 150 is
(16:58 / Allies) i8pssy: we all know stupid
(17:00 / All) Green_Slimegirl: I fed green but
(17:07 / Allies) Axias: sure.
(17:08 / All) Green_Slimegirl: if you look at his base he just bought 3k worth of towers with it
(17:12 / Allies) i8pssy: lmfao
(18:05 / All) Axias: gg
(18:11 / Allies) i8pssy: i could kill green for you pink but your an idiot so die
(18:21 / Allies) Axias: i dont care dude
(18:25 / All) Axias: bs me
(18:28 / Allies) Axias: for all i care
(18:31 / Allies) i8pssy: ok then
(18:31 / Allies) Axias: dont matter to me
(18:38 / Allies) Axias: i just play for fun
(18:57 / Allies) i8pssy: lmfao
(20:06 / All) CEREAl-EATER: wtf
(20:10 / All) BigMakEatinJake: IF YOU HAD 147 IQ MAYBE YOU COULD STOP THIS
(20:20 / All) Axias: 146.
(20:28 / All) BigMakEatinJake: YEAH CLOSE BUT NO CIGAR
(20:32 / All) Axias: maybe if it was 147.
(20:41 / All) Axias: and maybe if you had a 147 iq
(20:45 / All) Axias: you wouldn't rage
(20:51 / All) Axias: but you don't.
(20:56 / Allies) BigMakEatinJake: I'M CALM
(20:57 / All) Axias: enjoy life!
(21:09 / Allies) BigMakEatinJake: ALL CAPS IS A SIGN OF EXHILIRATION!
(21:15 / Allies) BigMakEatinJake: WOOOOOOOOOO
(21:19 / Allies) BigMakEatinJake: RIC FLAIR UP IN THIS BITCH
(22:12 / All) i8pssy: you just got owned son
(23:09 / All) Axias: hey blue
(23:15 / All) Axias: i hope you enoy waiting my table tomorrow
(24:21 / All) i8pssy: well if you really do have any inteligence google iq and success and you will see high IQ people dont do well in life idiot.
(24:31 / All) Axias: no
(24:34 / All) i8pssy: doctors have an av iq of 120
(24:42 / All) i8pssy: google it i dare ya
(24:46 / All) i8pssy: you will see dummy
(24:50 / All) Axias: you would see htat people who are in a stratospheric portion of the spectrum
(24:53 / All) Axias: don't do well
(25:00 / All) Axias: because they cant handle the rigors of everyday life
(25:06 / All) i8pssy: you are an idiot
(25:12 / All) Axias: but people that are in the percentile that are top 1
(25:15 / All) Axias: but no geniuses
(25:22 / All) i8pssy: I have an IQ of 153 but it means nothing
(25:26 / All) Axias: are gifted with an extraordinary advantage
(25:31 / Allies) i8pssy: EQ on the other hand means alot more
(25:38 / All) Axias: particularly over imbeciles like you
(25:38 / All) i8pssy: you are clearly a fool
(25:42 / All) Axias: yes, it does.
(25:44 / All) i8pssy: google it moron
(25:48 / All) Axias: sure.
(25:58 / All) i8pssy: blue you google it too and you will see how full of shit this kid is
(26:22 / All) Axias: emotional intelligence is as / if not more important.
(26:32 / Allies) Axias: you're right
(26:34 / All) i8pssy: it is far more important idiot
(26:38 / All) Axias: but you're still an idiot
(26:40 / All) Axias: sure.
(26:56 / All) BigMakEatinJake: CHOOO CHOOOO
(26:57 / All) i8pssy: and there is absolutely 0 correlation between IQ and success in life
(27:01 / All) BigMakEatinJake: ALL ABOARD THE RAPE PURPLE EXRPESS
(27:11 / All) Axias: who cares?
(27:24 / All) i8pssy: apparently you do since you starting talking shit
(27:26 / All) Axias: all i was using it for was a point to make you all feel like idiots
(27:36 / All) i8pssy: you are an idiot
(27:39 / All) Axias: g2g, my gf is getting angry
(27:44 / All) Axias: peace!
(27:48 / All) i8pssy: perhaps with a high IQ so your a high IQ idiot
(27:53 / All) i8pssy: whats your point
(27:59 / All) Axias: don't tell my employer!
(28:19 / All) Axias: he might stop paying me $150 an hour
(29:11 / Allies) i8pssy: comt blue lets finish this cunt
(30:16 / Allies) i8pssy: share gold pelase blue
(30:37 / Allies) i8pssy: blue give gold please
(30:47 / All) BigMakEatinJake: CHOO CHOO ALL ABOARD THE RAPE PURPLE EXPRESS
(31:09 / Allies) i8pssy: give gold before i kill your untis and take your expos
(31:22 / Allies) i8pssy: fine
(31:23 / Allies) BigMakEatinJake: hang on
(31:39 / Allies) i8pssy: you have 20000 idiot give some
(31:40 / All) CEREAl-EATER: how do u have a level 9 hero ol
(31:49 / All) BigMakEatinJake: I had level 8 like first 10 minutes
(32:06 / Allies) i8pssy: blue your getting tked now
(32:09 / Allies) i8pssy: you lose
(32:46 / All) BigMakEatinJake: I can rebuild LOL
(32:49 / Allies) i8pssy: see now you lose
(32:57 / Allies) BigMakEatinJake: NOPE
(34:01 / All) i8pssy: i tked blues main make mass aa
(34:06 / All) i8pssy: you got this hes a noob
(34:11 / All) CEREAl-EATER: i see
(34:13 / All) CEREAl-EATER: no life looser
(34:28 / All) i8pssy: he took all expos has 20000 gold and wont share
(34:29 / All) CEREAl-EATER: will u attack me still?
(34:33 / All) i8pssy: he tked pink
(34:52 / All) i8pssy: attack now
(35:08 / All) i8pssy: im dead its only blue and teal
(35:18 / All) i8pssy: blue only has gryphs and teal is useless
(35:22 / All) i8pssy: attack now
(35:29 / All) CEREAl-EATER: we are allies now oj?
(35:35 / All) i8pssy: i love you guys
(35:35 / Allies) BigMakEatinJake: rofl
(35:46 / All) CEREAl-EATER: we team and kill blue k?
(35:46 / All) i8pssy: make aa and you win
(35:54 / All) BigMakEatinJake: THATS A DECLARATION OF WAR PURPLE
(36:00 / All) i8pssy: this littl efuck doesnt deserve to win
(36:17 / All) i8pssy: wow is that idiot still massing rifles
(36:24 / All) i8pssy: well your gonna lose then
(36:39 / Allies) BigMakEatinJake: Think so?
(37:11 / All) CEREAl-EATER: y did blue tk uguys?
(37:13 / All) i8pssy: blues heading for purple
(37:19 / All) i8pssy: hes an idiot
(37:30 / All) CEREAl-EATER: ur a low life nerd, blue
(37:35 / All) CEREAl-EATER: tking in a 10 yr old game lol
(37:39 / All) i8pssy: still has 20000 gold and 4 expos and wont share
(37:45 / Allies) msinada: `GOLD BLUE
(37:55 / Allies) msinada: GOLD
(38:09 / All) i8pssy: help purple green
(38:20 / All) CEREAl-EATER: yea?
(38:40 / Allies) msinada: GOLD
(38:45 / All) BigMakEatinJake: CHAMPIN EVERYDAY
(38:46 / Allies) msinada: GOLD
(38:48 / All) BigMakEatinJake: DOIN IT THE RIGHT WAY
(38:57 / All) i8pssy: you guys lose and this kid fuckign sucks ass all he has is useless gryphs
(39:04 / All) BigMakEatinJake: LOL
(39:08 / All) BigMakEatinJake: THE CHAMP IS HERE
(39:41 / All) i8pssy: an orc cant beat a human 1 on 1 late game green, you needed purple
(39:51 / All) CEREAl-EATER: how did blue tk to begin wiht though? who incited who?
(40:17 / All) BigMakEatinJake: He requested gold but I'm sorry I don't run a charity
(40:19 / All) i8pssy: we lost as soon as he took all expos and wouldnt share. But pink attacked me and blue attacked him
(40:25 / All) BigMakEatinJake: Mine it yourself you lazy bag of bones
(40:31 / All) i8pssy: his names on the list
(40:36 / All) CEREAl-EATER: wtf pink attacked oj?
(40:39 / All) BigMakEatinJake: I'm on the lsit now!
(40:40 / All) CEREAl-EATER: wut list
(40:43 / All) BigMakEatinJake: Stats me
(41:40 / All) i8pssy: skip my base green i have no money so focus on blue and make more bats to kill his air
(41:57 / All) CEREAl-EATER: can i tak ehim?
(42:03 / All) i8pssy: with bats
(42:13 / All) i8pssy: he too stupid, thinks gryphs are good
(42:19 / All) CEREAl-EATER: lol
(42:21 / All) CEREAl-EATER: what a nab
(42:24 / All) CEREAl-EATER: u suck blue
(42:43 / All) CEREAl-EATER: but if u guys manage to kill blue
(42:47 / All) CEREAl-EATER: do u give me win?
(42:51 / All) CEREAl-EATER: or kill me?
(42:53 / All) i8pssy: we have no units
(43:01 / All) CEREAl-EATER: oh...
(43:08 / All) CEREAl-EATER: i did not realize u were 0/0 food
(43:40 / All) BigMakEatinJake: AM would be real sweet right about now
(44:02 / Allies) i8pssy: hes making hawks ignore me and hit him
(44:07 / All) i8pssy: your gonna lose
(44:14 / Allies) i8pssy: you lose
(44:31 / All) i8pssy: wow your noob
(44:32 / All) CEREAl-EATER: ow
(44:41 / All) i8pssy: do yo uknow hwta bats are???
(44:45 / All) i8pssy: told you bats
(44:56 / All) CEREAl-EATER: bats or raiders?
(45:01 / All) i8pssy: bats
(45:14 / All) i8pssy: seriously raiders suck
(45:20 / All) i8pssy: bats and wyvs
(45:36 / All) i8pssy: and catapults for towers
(45:50 / All) BigMakEatinJake: Don't advice from a noob unless you want to die a noob's death
(45:55 / All) i8pssy: too late though you lost when yo ulet purple die
(46:31 / All) i8pssy: blue seriously dude??? gryphs suck ass. his bats would have owned all your air
(46:37 / All) BigMakEatinJake: K.
(46:43 / All) BigMakEatinJake: Tell it to the experts, I'm a professional
(47:00 / All) CEREAl-EATER: its true blue is pretty good
(47:14 / All) i8pssy: k noob 1 on 1 no attacking till full armies you get gryphs and ill own your ass with bats and wyvs everytime noob
(47:30 / All) CEREAl-EATER: blue basically 1v4'd my team
(47:35 / All) CEREAl-EATER: he may be pro indeed
(47:59 / All) i8pssy: no not really he had help with yellow and pink killed the other loser
(48:08 / All) i8pssy: and purple really sucked ass
(48:21 / All) i8pssy: wow you actually went raiders
(48:30 / All) i8pssy: seriously???? LMFAO
(48:55 / All) i8pssy: LMFAO
(49:01 / All) i8pssy: well at least i get a win
(50:19 / All) i8pssy: bats retard
(50:23 / All) i8pssy: bats
(50:29 / All) i8pssy: your a fool
(50:38 / All) CEREAl-EATER: i need ur hipos
(50:38 / All) i8pssy: one of you dummys hurry up
(52:08 / All) CEREAl-EATER: at least ill get 100% tech
(52:32 / All) i8pssy: can you leave when you get it so i can tk this cunt next ame
(52:48 / All) CEREAl-EATER: he didnt do anything wrong tho
(52:50 / All) CEREAl-EATER: just expo'd
(53:00 / All) i8pssy: your as dumb as him
(53:20 / All) i8pssy: guess he should play 1 vs 1 if he wants to take all expos and not share the resurces eh
(56:05 / All) CEREAl-EATER: blue really is pro
(56:07 / All) CEREAl-EATER: jesus
(56:09 / All) CEREAl-EATER: hes good
(56:14 / All) i8pssy: no you guys just really suck
(56:27 / Allies) BigMakEatinJake: give credit where it is due don't be a baby
(56:32 / All) i8pssy: not hard to mass gryphs and hawks retard
(56:48 / All) i8pssy: they had you soo easy if they knew how to play
(56:54 / All) CEREAl-EATER: why are u being pissy to me? i thought we were gonna kill blue together
(56:57 / All) CEREAl-EATER: but u didnt help me
(57:07 / All) BigMakEatinJake: You had to do a kamikazi since you knew you were getting raped orange
(57:11 / All) i8pssy: oh blue will die just not in this game
(57:11 / All) BigMakEatinJake: All bark no bite
(57:58 / All) i8pssy: blue you make me giggle. My 6 year old could beat these scrubs. Gryph hawks blow. you know it
(58:11 / All) BigMakEatinJake: So do chim hippo apparently
(58:13 / All) BigMakEatinJake: cuz I raped your ass
(58:29 / All) i8pssy: no you didnt rape my ass noob. I only had 5 hipps
(58:35 / All) BigMakEatinJake: lawl yeah
(58:36 / All) BigMakEatinJake: sure
(58:37 / All) i8pssy: chims cant kill air retard
(58:42 / All) i8pssy: fuck your dumb lmfao
(58:45 / All) BigMakEatinJake: Tell it to the NYtimes where they believe such obvious lies
(58:56 / All) i8pssy: watch replay nooblert
(59:03 / All) BigMakEatinJake: You guys believe that? I got some ocean front property in Arizona I can sell ya
(59:12 / All) i8pssy: lmfao
(59:26 / All) BigMakEatinJake: All I know is I still have units and buildings and you ain't got jack
(59:28 / All) BigMakEatinJake: I'm the decider
(59:30 / All) i8pssy: guess it doesnt matter either way. you know the truth
(60:28 / All) i8pssy: just hurry up and kill yourself
(60:42 / All) BigMakEatinJake: You got any words of wisdom you'd like to impart to the masses?
(60:51 / All) i8pssy: wanna ge toi the next game and just preying your on my team
(61:08 / All) BigMakEatinJake: Yeah cuz you know you can't beat me straight up
(61:11 / All) BigMakEatinJake: I'm a true professional
(61:30 / All) i8pssy: LMFAO if that makes you sleep better believe that
(61:35 / All) BigMakEatinJake: Yellow's panties are soaked after my great performance
(63:15 / All) BigMakEatinJake: This ownage courtesy of Lord Farsanky
(63:24 / All) BigMakEatinJake: The great, glorious AND wonderful
(63:32 / All) BigMakEatinJake: The Emperor of the Battle Nets!